 Dungeon Crawl Stone Soup version 0.18-a0-917-g8a3da5b (webtiles) character file.

54 filipzpl the Insei (level 3, -1/26 HPs)
             Began as a Merfolk Transmuter on Dec 26, 2015.
             Succumbed to an adder's poison
             ... on level 2 of the Dungeon.
             The game lasted 00:05:02 (1900 turns).

filipzpl the Insei (Merfolk Transmuter)             Turns: 1900, Time: 00:05:02

Health: -1/26      AC:  3    Str: 10    XL:     3   Next: 91%
Magic:  6/6        EV: 13    Int: 13    God:
Gold:   87         SH:  0    Dex: 14    Spells: 2 memorised, 2 levels left

rFire  . . .     SeeInvis .       - Unarmed
rCold  . . .     Gourm    .     h - +0 robe
rNeg   . . .     Faith    .     (no shield)
rPois  .         Spirit   .     (no helmet)
rElec  .         Dismiss  .     f - +0 cloak
rCorr  .         Reflect  .     (no gloves)
SustAt .         Harm     .     (no boots)
MR     .....                    (no amulet)
Stlth  +.........               (no ring)
                                (no ring)

@: lethally poisoned (-1 -> -19), not resistant to hostile enchantments, very
unstealthy
A: change form in water, swift swim
a: no special abilities


You were on level 2 of the Dungeon.
You were not hungry.

You visited 1 branch of the dungeon, and saw 2 of its levels.

You collected 87 gold pieces.

Inventory:

Missiles
 a - 12 arrows
Armour
 f - a +0 cloak (worn)
 h - a +0 robe (worn)
Jewellery
 k - an uncursed amulet of resist corrosion {unknown}
Scrolls
 e - 2 scrolls of amnesia
 j - a scroll of immolation {unknown}
 l - 2 scrolls of teleportation
 m - a scroll of enchant armour {unknown}
 n - 2 scrolls of identify {unknown}
 q - a scroll of noise {unknown}
 r - a scroll of magic mapping {unknown}
Potions
 b - 2 potions of curing {unknown}
 i - a potion of invisibility {unknown}
 o - a potion of flight {unknown}
Books
 c - a book of Changes

   Spells                             Type                      Level
   a - Beastly Appendage              Transmutation                1
   b - Sticks to Snakes               Transmutation                2
   c - Spider Form                    Transmutation/Poison         3
   d - Ice Form                       Ice/Transmutation            4
   e - Blade Hands                    Transmutation                5
Comestibles
 d - 2 bread rations
 g - a meat ration
 p - a chunk of flesh


   Skills:
 - Level 1.1 Fighting
 - Level 2.6 Dodging
 - Level 4.4 Unarmed Combat
 - Level 2.0 Spellcasting
 + Level 3.4 Transmutations
 + Level 1.3 Poison Magic


You had 2 spell levels left.
You knew the following spells:

 Your Spells              Type           Power        Failure   Level  Hunger
a - Beastly Appendage     Trmt           ##....       10%         1    ##.....
b - Spider Form           Trmt/Pois      #.........   34%         3    ####...


Dungeon Overview and Level Annotations

Branches:
Dungeon (2/15)

Altars:


Message History

You are more poisoned.
The adder poisons you!
You hit the adder.
The adder is almost dead.
* * * LOW HITPOINT WARNING * * *
You feel sick. The adder closely misses you.
You closely miss the adder.
The adder is almost dead.
* * * LOW HITPOINT WARNING * * *
You feel sick. The adder misses you.
You miss the adder.
The adder is almost dead.
* * * LOW HITPOINT WARNING * * *
You feel sick. The adder bites you.
* * * LOW HITPOINT WARNING * * *
You hit the adder.
You kill the adder!
* * * LOW HITPOINT WARNING * * *
You feel sick.
You die...

##### ##...## ## ##.....## .#
#.......# ###.
.#####.......######.....
.............##.....#
.####..........$@..# ..#
##...........#.# ..#
#........#### #
..####...............#
...................... .......
...#####...#.........# ....#.#.#
....#####.##.........##.........
.......#..##.........##..........
.........>....[......##........ .


There were no monsters in sight!

Vanquished Creatures
  An adder (D:2)
  A worm (D:2)
  A giant gecko (D:1)
  2 bats
  2 giant cockroaches (D:1)
  7 goblins
  9 jackals
  A ball python (D:1)
  2 giant newts (D:1)
  6 kobolds
  6 rats
38 creatures vanquished.

Notes
Turn   | Place    | Note
--------------------------------------------------------------
     0 | D:1      | filipzpl the Merfolk Transmuter began the quest for the Orb.
     0 | D:1      | Reached XP level 1. HP: 15/15 MP: 3/3
   306 | D:1      | Reached XP level 2. HP: 21/21 MP: 5/5
   367 | D:1      | Reached skill level 4 in Unarmed Combat
   798 | D:1      | Reached XP level 3. HP: 26/26 MP: 6/6
   804 | D:1      | Learned a level 3 spell: Spider Form
  1829 | D:2      | Reached skill level 1 in Poison Magic
  1898 | D:2      | HP: 1/26 [adder (1)]
  1900 | D:2      | Succumbed to an adder's poison

Vault maps used:
D:1:      dpeg_arrival_leaves_temple_mockup, roderic_lattice_a
D:2:      hex_medium, grunt_dithmenos_smoke

Action                   || total
-------------------------++-------
Melee: Unarmed           ||   138
 Cast: Beastly Appendage ||     2
       Spider Form       ||     2
  Use: Scroll            ||     4
 Stab: Sleeping          ||     1
  Eat: Chunk             ||     4
